 Dungeon Crawl Stone Soup version 0.32-a0-485-g70f7560b1c (webtiles) character file.

Game seed: 17653087073384538535

9 Esekla the Sneak (level 2, 0/21 HPs)
             Began as an Octopode Delver on Feb 26, 2024.
             Succumbed to an adder's poison
             ... on level 5 of the Dungeon.
             The game lasted 00:00:23 (19 turns).

Esekla the Sneak (Octopode Delver)                    Turns: 19, Time: 00:00:24

Health: 0/21       AC:  1    Str: 11    XL:     2   Next: 12%
Magic:  2/2        EV: 13    Int: 12    God:
Gold:   20         SH:  0    Dex: 13    Spells: 1/1 levels left

rFire   . . .        a - +0 falchion
rCold   . . .        (no shield)
rNeg    . . .        (helmet restricted)
rPois   .            (no amulet)
rElec   .            (no ring)
rCorr   .            (no ring)
SInv    .            (no ring)
Will    .....        (no ring)
Stlth   +++++        (no ring)
HPRegen 0.23/turn    (no ring)
MPRegen 0.08/turn    (no ring)
                     (no ring)

%: no passive effects
@: lethally poisoned (0 -> -2)
A: almost no armour, amphibious, 8 rings, camouflage 1, gelatinous body 1,
nimble swimmer 1, tentacles
a: no special abilities


You were on level 5 of the Dungeon.
You visited 1 branch of the dungeon, and saw 1 of its levels.

You collected 20 gold pieces.

Inventory:

Hand Weapons
 a - a +0 falchion (weapon)
Wands
 f - a wand of digging (3)
Scrolls
 b - a scroll of fog
 c - a scroll of revelation
 d - a scroll of fear
Potions
 e - a potion of haste


   Skills:
 * Level 3.1 Fighting
 + Level 2.0 Long Blades
 * Level 2.1 Dodging
 + Level 6.8 Stealth
 * Level 0.2 Spellcasting


You had one spell level left.
You didn't know any spells.
Your spell library was empty.

Dungeon Overview and Level Annotations

Branches:
Dungeon (5/15)
 Temple: D:4-7

Altars:

Annotations:
D:5 2 transporters, Jigsaw's ghost, novice DgCj


Innate Abilities, Weirdness & Mutations

You cannot wear most types of armour.
You are amphibious.
You can wear up to eight rings at the same time.
Your skin changes colour to match your surroundings (Stealth+).
Your rubbery body absorbs attacks. (AC +1, EV +1)
You are camouflaged when in or above water. (Stealth+)
You have tentacles for arms and can constrict up to eight enemies at once.


Message History

Found a cyan potion and 14 gold pieces.
The adder hisses angrily.
Found a manual of Maces & Flails and an ivory ring.
The adder misses you.
Press: ? - help, v - describe, . - travel, g - get item Item here: a manual of Maces & Flails.
The floor.
The adder misses you.
You hit the adder. You grab the adder.
The adder is moderately wounded.
You constrict the adder.
The gnoll shouts!
The adder bites you. x2
You are poisoned.
The adder poisons you!
You barely miss the adder.
The adder is heavily wounded.
You constrict the adder.
You feel sick. The adder bites you.
You are lethally poisoned!
The adder poisons you! The adder closely misses you.
You barely miss the adder.
The adder is almost dead.
You constrict the adder.
You feel sick. The adder misses you.
The gnoll shouts!
You hit the adder.
You kill the adder!
* * * LOW HITPOINT WARNING * * *
You feel very sick.
You hear a shout! x3
You have reached level 2!
You enter the deep water.
* * * LOW HITPOINT WARNING * * *
You feel sick.
Okay, then.
* * * LOW HITPOINT WARNING * * *
You feel sick.
* * * LOW HITPOINT WARNING * * *
You feel sick.
Jigsaw's ghost whispers, "There is no future for you."
You die...

.........# .....
#......# ......
#.....#####
........##..>......#
...#...............#
...#...............#
.#.................#
...................#
≈≈≈≈...≈≈≈≈@≈≈≈≈≈≈.#
≈≈≈≈...≈≈≈≈≈≈≈≈≈≈≈.#
...........#####≈≈.#
.###.©.###.#.# #≈≈.#
#####g###... ≈≈.#
..g g..g!g###≈≈.#
### ######.# ≈≈.# P.
#?[W#.# ≈ . #:.$+..


You could see a gnoll bouda, Jigsaw's ghost and 3 gnolls.

Vanquished Creatures
  An adder (D:5)
1 creature vanquished.

Notes
Turn   | Place    | Note
-------+----------+-------------------------------------------
     0 | D:5      | Esekla the Octopode Delver began the quest for the Orb.
     0 | D:5      | Reached XP level 1. HP: 16/16 MP: 1/1
     1 | D:5      | Found a transporter.
     5 | D:5      | Found a transporter.
     6 | D:5      | Noticed Jigsaw's ghost (novice DgCj)
     6 | D:5      | Noticed a gnoll bouda
    16 | D:5      | Reached XP level 2. HP: 3/21 MP: 2/2
    18 | D:5      | HP: 1/21 [poisoned by an adder]
    19 | D:5      | Succumbed to an adder's poison

Illustrated notes

Levels and vault maps discovered:
D:5:      layout_rooms, serial_glass, glass_columns_c, glass_columns_c,
          gammafunk_ghost_gnarly_gnolls

Action                     || total
---------------------------++-------
  Melee: Falchion          ||     4
         Constrict         ||     1
 Armour: Skin              ||     3
  Dodge: Dodged            ||     4

Table legend: (Time is in decaauts)
 A = Elapsed time spent in this place.
 B = Non-inter-level travel time spent in this place.
 C = Inter-level travel time spent in this place.
 D = Time resting spent in this place.
 E = Time spent auto-exploring this place.
 F = Levels seen in this place.
 G = Mean time per level.
                   A        B        C        D        E       F      G
               +--------+--------+--------+--------+--------+-----+--------+
         Total |     19 |     19 |      0 |      0 |      0 |   1 |   19.0 |
       Dungeon |     19 |     19 |      0 |      0 |      0 |   1 |   19.0 |
               +--------+--------+--------+--------+--------+-----+--------+

Top non-repeatable levels by time:
     D:5: 19 daAuts
